 Dungeon Crawl Stone Soup version 0.23.0-3-gf3c87f2 (webtiles) character file.

Game seed: 5513980148220348280

2207 xccam the Shooter (level 9, -3/74 HPs)
             Began as a Gnoll Wanderer on Feb 20, 2019.
             Splashed by Harold's acid (12 damage)
             ... on level 7 of the Dungeon.
             The game lasted 00:14:41 (6538 turns).

xccam the Shooter (Gnoll Wanderer)                  Turns: 6538, Time: 00:14:42

Health: -3/74      AC: 17    Str: 20    XL:     9   Next: 34%
Magic:  15/15      EV: 10    Int: 15    God:
Gold:   334        SH:  0    Dex: 17    Spells: 16/16 levels left

rFire    . . .     SeeInvis .   H - +4 war axe of Resourcefulness {protect, -Tele rElec rC+}
rCold    + + .     Gourm    .   (no shield)
rNeg     + . .     Faith    .   G - +0 chain mail
rPois    .         Spirit   .   h - +1 hat
rElec    +         Reflect  .   d - +0 cloak {MR+}
rCorr    .         Harm     .   m - +0 pair of gloves
MR       +....     NoTele   +   A - +0 pair of boots (curse)
Stlth    ..........             (no amulet)
HPRegen  0.22/turn              n - ring of protection from cold
MPRegen  0.14/turn              C - ring of positive energy

@: mighty, marked, corroded, protection aura
A: distributed training, fangs 1, strong nose
a: no special abilities


You were on level 7 of the Dungeon.
You were not hungry.

You visited 2 branches of the dungeon, and saw 8 of its levels.
You also visited: Sewer.

You collected 334 gold pieces.

Inventory:

Hand Weapons
 a - a +2 shortbow
 b - a +0 mace of venom
 v - a +3 flail
 D - a +0 morningstar
 H - the +4 war axe of Resourcefulness (weapon) {protect, -Tele rElec rC+}
   (You found it on level 6 of the Dungeon)

   It protects the one who uses it against injury (+AC on strike).
   It protects you from cold.
   It insulates you from electricity.
   It prevents most forms of teleportation.
 I - a +2 short sword of freezing
Missiles
 j - 31 arrows
 w - 29 bolts
Armour
 d - a +0 cloak of magic resistance (worn)
 h - a +1 hat (worn)
 m - a +0 pair of gloves (worn)
 y - a +0 plate armour
 A - a cursed +0 pair of boots (worn)
 G - a +0 chain mail (worn)
Jewellery
 n - a ring of protection from cold (left hand)
 C - a ring of positive energy (right hand)
 E - a cursed ring of protection from cold
Wands
 u - a wand of flame (9)
 L - a wand of scattershot (4)
Scrolls
 e - 2 scrolls of random uselessness {unknown}
 g - 6 scrolls of remove curse
 k - 2 scrolls of blinking
 p - 2 scrolls of amnesia {unknown}
 q - 2 scrolls of fog {unknown}
 r - 7 scrolls of identify
 s - a scroll of magic mapping {unknown}
 B - a scroll of teleportation {unknown}
 K - a scroll of immolation {unknown}
Potions
 c - a potion of ambrosia {unknown}
 i - a potion of resistance {unknown}
 l - a potion of flight
 o - a potion of heal wounds {unknown}
 t - 2 potions of berserk rage {unknown}
 z - 3 potions of lignification
 F - 2 potions of magic {unknown}
Comestibles
 f - 8 rations
 J - a chunk of flesh


   Skills:
 + Level 7.8 Fighting
 + Level 4.1 Short Blades
 + Level 4.1 Long Blades
 + Level 4.1 Axes
 + Level 4.9 Maces & Flails
 + Level 4.1 Polearms
 + Level 4.1 Staves
 + Level 4.1 Slings
 + Level 7.8 Bows
 + Level 4.1 Crossbows
 + Level 4.1 Throwing
 + Level 4.9 Armour
 + Level 4.1 Dodging
 + Level 4.8 Stealth
 + Level 4.9 Shields
 + Level 4.1 Unarmed Combat
 + Level 4.1 Spellcasting
 + Level 3.3 Conjurations
 + Level 3.3 Hexes
 + Level 3.3 Charms
 + Level 3.3 Summonings
 + Level 3.3 Necromancy
 + Level 3.3 Translocations
 + Level 3.3 Transmutations
 + Level 3.3 Fire Magic
 + Level 3.3 Ice Magic
 + Level 3.3 Air Magic
 + Level 3.3 Earth Magic
 + Level 3.3 Poison Magic
 + Level 4.5 Invocations
 + Level 4.1 Evocations


You had 16 spell levels left.
You didn't know any spells.
Your spell library was empty.

Dungeon Overview and Level Annotations

Branches:
Dungeon (7/15)             Temple (1/1) D:4

Altars:
Ashenzari
Dithmenos
Elyvilon
Fedhas
Gozag
Hepliaklqana
Nemelex Xobeh
Okawaru
Qazlal
Ru
Sif Muna
Trog
Uskayaw
Vehumet
Wu Jian
Yredelemnul
Zin

Annotations:
D:7 Harold


Innate Abilities, Weirdness & Mutations

Your experience applies equally to all skills.
You have very sharp teeth.
Your uncanny sense of smell can sniff out nearby items.


Message History

Wield which item (- for none, * to show all)? (? for menu, Esc to quit)
Your +0 mace of venom stops dripping with poison.
The +4 war axe of Resourcefulness {protect, -Tele rElec rC+} hums with potential!
H - the +4 war axe of Resourcefulness (weapon)
{protect, -Tele rElec rC+} You start resting.
Eating one of 2 chunks of flesh.
You eat one of the 2 chunks of flesh.
This raw flesh tastes terrible.
Harold is too close now for your liking.
You hit Harold.
Your weapon exudes an aura of protection.
Harold is moderately wounded.
Harold zaps a wand.
The bolt of acid hits you!
You are splashed with acid!
* * * LOW HITPOINT WARNING * * *
Harold hits you with a +1 scimitar of holy wrath!
* * * LOW HITPOINT WARNING * * *
You feel better.
Harold says, "Bounty hunting has been great, but I can't wait to retire."
Harold zaps a wand.
The bolt of acid hits you!
* * * LOW HITPOINT WARNING * * *
You are splashed with acid!
You die...

.<... .....# #####.....
.(.... #.##.# ..........
......##.##.# #####.....
....@....##.. ##...#
.....#.(##.# ##†##
.....#..##.# #)#
......@..##.###########.##
##.####.#.................
#.#@#.###########.##
#5@.#...# #.## #######.#
#.## #.# #.## #.# #.## .#
#.# #.## .# #.# #.# .# #.#
#.#


You could see Harold and a crimson imp.

Vanquished Creatures
  A human (Sewer)
  Duvessa (D:6)
  An orc warrior (D:6)
  A sky beast (D:6)
  2 ice beasts
  An ogre (D:5)
  3 bullfrogs
  Dowan (D:6)
  2 scorpions (D:5)
  A water moccasin skeleton (D:7)
  A howler monkey (D:5)
  4 crimson imps
  A centaur zombie (D:5)
  2 hounds
  Crazy Yiuf (D:3)
  5 orc priests
  7 orc wizards
  Ijyb (D:3)
  2 iguanas
  Natasha (twice) (D:3)
  3 worker ants
  A hound zombie (D:7)
  Robin (D:2)
  A worker ant zombie (D:5)
  A gnoll (D:1)
  A howler monkey skeleton (D:7)
  3 adders
  2 shadow imps
  An ooze (D:4)
  A worm (D:2)
  A dart slug (D:3)
  6 leopard geckos
  36 orcs
  13 bats
  4 giant cockroaches
  16 goblins
  13 hobgoblins
  7 jackals
  7 kobolds
  3 quokkas (D:3)
  3 ball pythons
  5 frilled lizards
  2 leopard gecko zombies (D:5)
  5 rats
176 creatures vanquished.

Vanquished Creatures (others)
  Natasha (D:3)
1 creature vanquished.

Grand Total: 177 creatures vanquished

Notes
Turn   | Place    | Note
-------+----------+-------------------------------------------
     0 | D:1      | xccam the Gnoll Wanderer began the quest for the Orb.
     0 | D:1      | xccam set off with the following items: a +2 shortbow, 23
                  | arrows, a +0 ring mail, a potion of lignification, a ration
     0 | D:1      | Reached XP level 1. HP: 23/23 MP: 1/1
   218 | D:1      | Reached XP level 2. HP: 15/29 MP: 2/2
   549 | D:1      | Found an iron altar of Okawaru.
   713 | D:1      | Reached XP level 3. HP: 35/35 MP: 3/3
   919 | D:2      | Noticed Robin
   937 | D:1      | Reached skill level 1 in Invocations
  1264 | D:2      | Killed Robin
  1264 | D:2      | Reached skill level 1 in Short Blades
  1264 | D:2      | Reached skill level 1 in Long Blades
  1264 | D:2      | Reached skill level 1 in Axes
  1264 | D:2      | Reached skill level 1 in Polearms
  1264 | D:2      | Reached skill level 1 in Staves
  1264 | D:2      | Reached skill level 1 in Slings
  1264 | D:2      | Reached skill level 1 in Crossbows
  1264 | D:2      | Reached skill level 1 in Throwing
  1264 | D:2      | Reached skill level 1 in Dodging
  1264 | D:2      | Reached skill level 1 in Unarmed Combat
  1264 | D:2      | Reached skill level 1 in Spellcasting
  1264 | D:2      | Reached skill level 1 in Evocations
  1264 | D:2      | Reached XP level 4. HP: 19/41 MP: 5/5
  1452 | D:2      | Found a shadowy altar of Dithmenos.
  1455 | D:2      | Found a sacrificial altar of Ru.
  1455 | D:2      | Found a basalt altar of Yredelemnul.
  1456 | D:2      | Found a deep blue altar of Sif Muna.
  1456 | D:2      | Found an ornate altar of the Wu Jian Council.
  1956 | D:2      | Reached skill level 1 in Conjurations
  1956 | D:2      | Reached skill level 1 in Hexes
  1956 | D:2      | Reached skill level 1 in Charms
  1956 | D:2      | Reached skill level 1 in Summonings
  1956 | D:2      | Reached skill level 1 in Necromancy
  1956 | D:2      | Reached skill level 1 in Translocations
  1956 | D:2      | Reached skill level 1 in Transmutations
  1956 | D:2      | Reached skill level 1 in Fire Magic
  1956 | D:2      | Reached skill level 1 in Ice Magic
  1956 | D:2      | Reached skill level 1 in Air Magic
  1956 | D:2      | Reached skill level 1 in Earth Magic
  1956 | D:2      | Reached skill level 1 in Poison Magic
  2303 | D:3      | Found a runed translucent door.
  2304 | D:3      | Noticed Crazy Yiuf
  2332 | D:3      | Killed Crazy Yiuf
  2332 | D:3      | Reached XP level 5. HP: 18/47 MP: 6/6
  2448 | D:3      | Noticed Ijyb
  2613 | D:3      | Killed Ijyb
  2676 | D:3      | Found a shattered altar of Ashenzari.
  2715 | D:3      | Noticed Natasha
  2716 | D:3      | Reached XP level 6. HP: 51/53 MP: 8/8
  2743 | D:3      | Killed Natasha
  2858 | D:3      | Found a glowing drain.
  2872 | Sewer    | Entered a sewer
  2922 | Sewer    | Noticed Purgy
  2925 | Sewer    | Noticed Purgy
  2925 | Sewer    | Purgy changed into Purgy the human
  2936 | Sewer    | Killed Purgy the human
  2936 | Sewer    | Reached XP level 7. HP: 41/59 MP: 8/10
  2994 | D:3      | Noticed Natasha
  2998 | D:3      | Killed Natasha
  3116 | D:3      | Noticed Natasha
  3129 | D:3      | Killed Natasha
  3590 | D:4      | Found a staircase to the Ecumenical Temple.
  3596 | Temple   | Entered the Ecumenical Temple
  4642 | D:5      | Entered Level 5 of the Dungeon
  4877 | D:5      | Reached XP level 8. HP: 67/67 MP: 12/12
  5981 | D:6      | Noticed Dowan
  5984 | D:6      | Noticed Duvessa
  6000 | D:6      | Killed Duvessa
  6000 | D:6      | Reached XP level 9. HP: 26/72 MP: 14/14
  6018 | D:6      | Killed Dowan
  6068 | D:6      | Got an ebony war axe
  6069 | D:6      | Identified the +4 war axe of Resourcefulness {protect,
                  | -Tele rElec rC+} (You found it on level 6 of the Dungeon)
  6518 | D:7      | Noticed Harold
  6538 | D:7      | Splashed by Harold's acid

Skill      XL: |  1  2  3  4  5  6  7  8  9 |
---------------+----------------------------+-----
Invocations    | 1 2 3 4 |  4.5
Short Blades   | 1 2 3 4 |  4.1
Long Blades    | 1 2 3 4 |  4.1
Axes           | 1 2 3 4 |  4.1
Polearms       | 1 2 3 4 |  4.1
Staves         | 1 2 3 4 |  4.1
Slings         | 1 2 3 4 |  4.1
Crossbows      | 1 2 3 4 |  4.1
Throwing       | 1 2 3 4 |  4.1
Dodging        | 1 2 3 4 |  4.1
Unarmed Combat | 1 2 3 4 |  4.1
Spellcasting   | 1 2 3 4 |  4.1
Evocations     | 1 2 3 4 |  4.1
Conjurations   | 1 2 3 |  3.3
Hexes          | 1 2 3 |  3.3
Charms         | 1 2 3 |  3.3
Summonings     | 1 2 3 |  3.3
Necromancy     | 1 2 3 |  3.3
Translocations | 1 2 3 |  3.3
Transmutations | 1 2 3 |  3.3
Fire Magic     | 1 2 3 |  3.3
Ice Magic      | 1 2 3 |  3.3
Air Magic      | 1 2 3 |  3.3
Earth Magic    | 1 2 3 |  3.3
Poison Magic   | 1 2 3 |  3.3
Maces & Flails | 3 4 |  4.9
Armour         | 3 4 |  4.9
Shields        | 3 4 |  4.9
Stealth        | 3 4 |  4.8
Fighting       | 7 |  7.8
Bows           | 7 |  7.8

Action                   |  1- 3 |  4- 6 |  7- 9 || total
-------------------------+-------+-------+-------++-------
Melee: Unarmed           |    82 |       |       ||    82
       Bite              |    12 |     9 |    27 ||    48
       Mace              |    28 |    82 |   150 ||   260
       Punch             |       |     1 |     3 ||     4
       War axe           |       |       |    88 ||    88
 Fire: Shortbow          |    28 |    76 |   154 ||   258
Evoke: Wand              |       |     1 |     1 ||     2
  Use: Potion            |     1 |     2 |     4 ||     7
       Scroll            |       |     4 |       ||     4
 Stab: Invisible         |       |     1 |       ||     1
       Sleeping          |       |       |     1 ||     1
  Eat: Chunk             |     1 |     3 |     8 ||    12
       Ration            |       |     1 |     1 ||     2
Armor: Ring mail         |    58 |    48 |    93 ||   199
       Skin              |    25 |    10 |       ||    35
       Chain mail        |       |       |    75 ||    75
Dodge: Dodged            |    72 |    61 |   151 ||   284
